 Dungeon Crawl Stone Soup version 0.30-a0-29-g142975f185 (webtiles) character file.

Game seed: 9424301327035565459

2109 ytrimaz the Martial Artist (level 9, -2/53 HPs)
             Began as an Octopode Transmuter on Aug 26, 2022.
             Was an Initiate of Ashenzari.
             Slain by a kobold brigand
             ... wielding a +0 short sword
              (9 damage)
             ... on level 7 of the Dungeon.
             The game lasted 00:07:37 (7589 turns).

ytrimaz the Martial Artist (Octopode Transmuter)    Turns: 7589, Time: 00:07:38

Health: -2/53      AC:  1    Str: 22    XL:     9   Next: 28%
Magic:  7/15       EV: 13    Int: 19    God:    Ashenzari [......]
Gold:   345        SH:  5    Dex: 12    Spells: 10/16 levels left

rFire   . . .      SeeInvis .      - Unarmed
rCold   + . .      Faith    .    (no shield)
rNeg    . . .      Spirit   .    (helmet restricted)
rPois   .          Reflect  +    h - amulet of reflection
rElec   .          Harm     .    b - ring of Ashenzari's Pragmatism {Str+6, Melee, Self} (curse)
rCorr   .          Rampage  .    e - ring of protection from cold
Will    .....                    m - +6 ring of strength
Stlth   +++++.....               (no ring)
HPRegen 0.17/turn                (no ring)
MPRegen 0.14/turn                (no ring)
                                 (no ring)
                                 (no ring)

@: about to teleport, wereblooded, very slightly contaminated
A: almost no armour, amphibious, 8 rings, camouflage 1, gelatinous body 1,
(nimble swimmer 1), tentacles
a: Renounce Religion, Curse Item, Shatter the Chains


You were on level 7 of the Dungeon.
You worshipped Ashenzari.
Ashenzari was noncommittal.
You visited 2 branches of the dungeon, and saw 8 of its levels.

You collected 345 gold pieces.

Inventory:

Missiles
 n - a throwing net
Jewellery
 b - the cursed ring of Ashenzari's Pragmatism (left tentacle) {Str+6, Melee, Self}
   (You found it on level 1 of the Dungeon)

   [ring of strength]

   Str:       It affects your strength (+6).
   It has a curse which improves the following skills: Melee Combat: Short
   Blades, Long Blades, Axes, Maces & Flails, Polearms, Staves and Unarmed
   Combat.
   Introspection: Fighting and Spellcasting.
 e - a ring of protection from cold (right tentacle)
 h - an amulet of reflection (around mantle)
 m - a +6 ring of strength (on tentacle)
Wands
 k - a wand of charming (16)
 l - a wand of roots (11)
Scrolls
 d - a scroll of amnesia
 f - a scroll of teleportation
 g - 2 scrolls of butterflies
 j - a scroll of enchant armour
Potions
 a - 3 potions of brilliance
 c - 2 potions of curing
 i - 2 potions of degeneration {unknown}
 o - a potion of haste


   Skills:
 - Level 1.0(1.2) Fighting
 - Level 2.0 Dodging
 - Level 9.0 Stealth
 - Level 0.2 Shields
 + Level 9.4(9.9) Unarmed Combat
 + Level 3.7(4.1) Spellcasting
 + Level 3.7 Transmutations


You had 10 spell levels left.
You knew the following spells:

 Your Spells              Type           Power      Damage    Failure   Level
a - Beastly Appendage     Tmut           36%        N/A       3%          1
b - Wereblood             Tmut           18%        N/A       4%          2
c - Spider Form           Tmut/Pois      11%        N/A       19%         3

Your spell library contained the following spells:

 Spells                   Type           Power      Damage    Failure   Level
 Ensorcelled Hibernation  Hex/Ice        6%         N/A       21%         2
 Ice Form                 Ice/Tmut       11%        N/A       54%         4
 Anguish                  Hex/Necr       1%         N/A       80%         4


Dungeon Overview and Level Annotations

Branches:
Dungeon (7/15)             Temple (1/1) D:6

Altars:
Ashenzari
Cheibriados
Dithmenos
Fedhas
Hepliaklqana
Kikubaaqudgha
Makhleb
Okawaru
Ru
Sif Muna
Trog
Uskayaw
Vehumet
Wu Jian
Xom
Zin

Shops:
D:4 :


Innate Abilities, Weirdness & Mutations

You cannot wear most types of armour.
You are amphibious.
You can wear up to eight rings at the same time.
Your skin changes colour to match your surroundings (Stealth+).
Your rubbery body absorbs attacks. (AC +1, EV +1)
((You are camouflaged when in or above water. (Stealth+)))
You have tentacles for arms and can constrict up to eight enemies at once.


Message History

A kobold comes into view. It is wielding a +0 whip.
The orc closely misses you.
Unknown command.
You hit the orc.
You feel a bit better.
You kill the orc!
The kobold hits you with a +0 short sword.
You barely miss the kobold brigand. The kobold misses you.
The orc completely misses you.
The kobold brigand hits you with a +0 short sword!
Unknown command.
You hit the kobold brigand.
The kobold brigand is lightly wounded.
The kobold hits you with a +0 short sword.
The kobold drinks a potion.
The kobold seems to speed up.
The orc drinks a potion.
The orc suddenly seems more resistant.
The orc hits you with a +0 flail! The kobold brigand closely misses you.
Unknown command.
You hit the orc but do no damage.
The orc is poisoned.
The kobold completely misses you. The kobold hits you but does no damage.
The orc completely misses you.
The kobold brigand hits you with a +0 short sword.
Unknown command.
As you read the scroll of teleportation, it crumbles to dust.
You feel strangely unstable.
Your transformation has ended.
The kobold hits you with a +0 short sword. x2
The orc misses you. The kobold brigand closely misses you.
Unknown command.
Casting: Spider Form (dangerous; 19% risk of failure)
Confirm with . or Enter, or press ? or * to list all spells.
You miscast Spider Form.
Nothing appears to happen.
The kobold hits you with a +0 short sword.
* * * LOW HITPOINT WARNING * * *
The kobold hits you with a +0 short sword.
* * * LOW HITPOINT WARNING * * *
The kobold hits you with a +0 short sword.
* * * LOW HITPOINT WARNING * * *
You block the orc's attack.
The kobold brigand hits you with a +0 short sword!
You die...

##. #.^ ####.. .o ......
#######...
#....K##...o.....#.#
#.o#oK............##
.####.K####K.......o...o
.....KK@Ko.K)...........
.###.oo##o..........#.#
#....o...............##
#.###.#...##...........
# #...####........# ..##
#....$...### ..
#..........# ...
#.......##..
#...........


You could see a kobold brigand, 6 orcs and 5 kobolds.

Vanquished Creatures
  Eustachio (D:6)
  2 black bears
  An ice beast (D:6)
  2 centaurs
  An ogre (D:6)
  3 necrophages (D:4)
  A bullfrog (D:6)
  A gnoll sergeant (D:5)
  4 scorpions
  6 hounds
  An orc priest (D:7)
  4 jellies
  3 gnoll boudas
  4 iguanas
  An orc wizard (D:6)
  12 gnolls
  11 adders
  A shadow imp (D:5)
  A white imp (D:6)
  2 ufetubi
  3 adder zombies (D:4)
  A worm (D:4)
  6 dart slugs
  12 orcs
  5 ball pythons
  8 bats
  8 endoplasms
  2 giant cockroaches (D:3)
  3 goblins
  9 hobgoblins
  5 jackals (D:2)
  7 kobolds
  2 quokkas
  A frilled lizard (D:1)
  5 rats
139 creatures vanquished.

Vanquished Creatures (others)
  A bush (D:4)
  32 plants
33 creatures vanquished.

Grand Total: 172 creatures vanquished

Notes
Turn   | Place    | Note
-------+----------+-------------------------------------------
     0 | D:1      | ytrimaz the Octopode Transmuter began the quest for the
                  | Orb.
     0 | D:1      | Reached XP level 1. HP: 13/13 MP: 3/3
   363 | D:1      | Reached skill level 1 in Stealth
   363 | D:1      | Reached XP level 2. HP: 17/18 MP: 3/5
   530 | D:1      | Found a faded altar of an unknown god.
   960 | D:1      | Reached XP level 3. HP: 23/23 MP: 6/6
  1180 | D:2      | Learned a level 2 spell: Wereblood
  1373 | D:2      | Found a sacrificial altar of Ru.
  1742 | D:2      | Reached XP level 4. HP: 27/28 MP: 5/7
  2605 | D:3      | Noticed a scorpion
  2611 | D:3      | Killed a scorpion
  2612 | D:3      | Reached XP level 5. HP: 33/33 MP: 6/8
  2722 | D:3      | Reached skill level 5 in Stealth
  2724 | D:3      | Reached skill level 5 in Unarmed Combat
  2724 | D:3      | Reached XP level 6. HP: 14/38 MP: 7/9
  3345 | D:4      | Found a blossoming altar of Fedhas.
  3373 | D:4      | Found Nomoh's Book Shop.
  4390 | D:4      | Reached XP level 7. HP: 40/43 MP: 7/10
  4654 | D:5      | Entered Level 5 of the Dungeon
  4897 | D:5      | Learned a level 3 spell: Spider Form
  5375 | D:5      | Reached XP level 8. HP: 48/48 MP: 9/11
  5994 | D:6      | Found a staircase to the Ecumenical Temple.
  6012 | Temple   | Entered the Ecumenical Temple
  6078 | Temple   | Became a worshipper of Ashenzari the Shackled
  6278 | D:6      | Noticed Eustachio
  6288 | D:6      | Killed Eustachio
  6448 | D:6      | Found a snail-covered altar of Cheibriados.
  6457 | D:6      | Found a shimmering blue altar of Sif Muna.
  6633 | D:6      | Reached XP level 9. HP: 53/53 MP: 10/13
  7589 | D:7      | Slain by a kobold brigand

Illustrated notes

Levels and vault maps discovered:
D:1:      minmay_arrival_doors, layout_rooms,
          shapermc_ecumenical_altar_flowoftime
D:2:      layout_loops_ring, basic_altar
D:3:      layout_basic, minmay_curled_crystal, serial_bayou_lagoon_a,
          cheibrodos_gnoll_hut
D:4:      layout_rooms, fedhas_altar_decomposition, serial_shops,
          nicolae_square_shop
D:5:      layout_gridville, hangedman_decor_opposing, kennysheep_generic_room_16
D:6:      layout_layer_cave, mainiacjoe_overflow_swirl,
          minmay_temple_entry_grid, uniq_eustachio
D:7:      layout_rooms, uniq_duvessa
Temple:   nicolae_temple_god_jail

Skill      XL: |  1  2  3  4  5  6  7  8  9 |
---------------+----------------------------+-----
Stealth        | 1 2 4 5 7 9 |  9.0
Unarmed Combat | 4 5 6 8 9 |  9.4
Spellcasting   | 3 |  3.7
Transmutations | 3 |  3.7
Fighting       | |  1.0
Dodging        | |  2.0
Shields        | |  0.2

Action                   |  1- 3 |  4- 6 |  7- 9 || total
-------------------------+-------+-------+-------++-------
Melee: Unarmed           |    85 |   117 |   142 ||   344
       Kick              |    15 |    34 |    34 ||    83
       Constrict         |    20 |    35 |    30 ||    85
       Tentacles         |    11 |    37 |    19 ||    67
       Punch             |     1 |     5 |     5 ||    11
 Cast: Beastly Appendage |    18 |    27 |    24 ||    69
       Wereblood         |       |     1 |     1 ||     2
       Spider Form       |       |       |     7 ||     7
Invok: Curse Item        |       |       |     1 ||     1
  Use: Potion            |     1 |     2 |     2 ||     5
       Scroll            |       |     6 |     3 ||     9
 Stab: Sleeping          |     4 |    12 |    12 ||    28
Armor: Skin              |    30 |     4 |     3 ||    37
Dodge: Dodged            |    80 |    54 |    87 ||   221
Block: Other             |       |     8 |    38 ||    46
       Reflection        |       |       |     2 ||     2

Table legend: (Time is in decaauts)
 A = Elapsed time spent in this place.
 B = Non-inter-level travel time spent in this place.
 C = Inter-level travel time spent in this place.
 D = Time resting spent in this place.
 E = Time spent auto-exploring this place.
 F = Levels seen in this place.
 G = Mean time per level.
                   A        B        C        D        E       F      G
               +--------+--------+--------+--------+--------+-----+--------+
         Total |   7559 |   7411 |    148 |    717 |   5437 |   8 |  944.9 |
       Dungeon |   7431 |   7292 |    139 |    646 |   5413 |   7 | 1061.6 |
        Temple |    127 |    118 |      9 |     71 |     24 |   1 |  127.0 |
               +--------+--------+--------+--------+--------+-----+--------+

Top non-repeatable levels by time:
     D:4: 1428 daAuts
     D:6: 1395 daAuts
     D:5: 1330 daAuts
     D:1: 1164 daAuts
     D:3: 1155 daAuts
     D:2: 886 daAuts
  Temple: 127 daAuts
     D:7: 71 daAuts
